 Dungeon Crawl Stone Soup version 0.31.0-9-g3a7656b989 (webtiles) character file.

Game seed: 16657919289087790315

158 qw the Skirmisher (level 5, -5/29 HPs)
             Began as a Deep Elf Hunter on Feb 2, 2024.
             Slain by a gnoll
             ... wielding a +0 halberd
              (10 damage)
             ... on level 2 of the Dungeon.
             The game lasted 00:00:03 (1199 turns).

qw the Skirmisher (Deep Elf Hunter)                 Turns: 1199, Time: 00:00:04

Health: -5/29      AC:  6    Str: 10    XL:     5   Next: 16%
Magic:  7/7        EV: 13    Int: 14    God:
Gold:   74         SH:  0    Dex: 21    Spells: 4/4 levels left

rFire   . . .        a - +0 shortbow
rCold   . . .        (shield currently unavailable)
rNeg    . . .        c - +0 leather armour
rPois   .            (no helmet)
rElec   .            (no cloak)
rCorr   .            d - +2 pair of gloves {Dex+3}
SInv    .            (no boots)
Will    .....        (no amulet)
Stlth   ++           (no ring)
HPRegen 0.24/turn    (no ring)
MPRegen 0.10/turn

%: no passive effects
@: no status effects
A: no striking features
a: no special abilities


You were on level 2 of the Dungeon.
You visited 1 branch of the dungeon, and saw 2 of its levels.

You collected 74 gold pieces.


   Skills:
 - Level 1.5 Fighting
 + Level 8.3 Ranged Weapons
 - Level 3.1 Dodging
 - Level 1.2 Stealth


You had 4 spell levels left.
You didn't know any spells.
Your spell library was empty.

Inventory:

Hand Weapons
 a - a +0 shortbow (weapon)
Armour
 c - a +0 leather armour (worn)
 d - a +2 pair of gloves of dexterity (worn)
Potions
 b - 2 potions of heal wounds {unknown}
 e - a potion of resistance
 f - a potion of curing {unknown}
 h - a potion of berserk rage {unknown}

Dungeon Overview and Level Annotations

Branches:
Dungeon (2/15)

Altars:


Message History

You shoot an arrow. The arrow barely misses the gnoll.
The gnoll barely misses you.
You shoot an arrow.
The arrow hits the gnoll but does no damage.
The gnoll is moderately wounded.
The gnoll closely misses you.
You shoot an arrow. The arrow hits the gnoll.
The gnoll is heavily wounded.
The gnoll barely misses you.
You shoot an arrow. The arrow barely misses the gnoll.
The gnoll misses you.
You shoot an arrow. The arrow closely misses the gnoll.
The gnoll closely misses you.
You shoot an arrow.
The arrow hits the gnoll but does no damage.
The gnoll is heavily wounded.
The gnoll hits you from afar with a +0 halberd.
You shoot an arrow. The arrow hits the gnoll!
You kill the gnoll!
You start resting.
HP restored.
Things that are here:
a +0 halberd; a gnoll corpse 3 gnolls come into view.
The gnoll shouts! x3
You shoot an arrow. The arrow closely misses the gnoll.
The gnoll completely misses you.
You shoot an arrow. The arrow closely misses the gnoll.
The gnoll barely misses you.
You shoot an arrow. The arrow hits the gnoll.
The gnoll is moderately wounded.
The gnoll hits you from afar with a +0 halberd!
You shoot an arrow. The arrow hits the gnoll.
The gnoll is severely wounded.
The gnoll hits you from afar with a +0 halberd!
You shoot an arrow. The arrow barely misses the gnoll.
The gnoll closely misses you.
You shoot an arrow. The arrow closely misses the gnoll.
The gnoll hits you from afar with a +0 halberd!
You die...

##########777
...ggg..#...7.7
##@.....7
#......77
#..#..77
#..##77 ##)#
##### #.# ....
...# #.#
.....###
##.###.#
.......#
#......#


You could see 3 gnolls.

Vanquished Creatures
  A black bear (D:2)
  Natasha (D:2)
  A gnoll (D:2)
  3 dart slugs (D:1)
  3 bats (D:1)
  2 endoplasms (D:1)
  3 goblins
  2 hobgoblins (D:1)
  2 jackals (D:2)
  A kobold (D:1)
  A quokka (D:1)
  3 ball pythons (D:1)
  2 frilled lizards (D:1)
  6 rats (D:1)
31 creatures vanquished.

Notes
Turn   | Place    | Note
-------+----------+-------------------------------------------
     0 | D:1      | qw the Deep Elf Hunter began the quest for the Orb.
     0 | D:1      | Reached XP level 1. HP: 12/12 MP: 3/3
     0 | D:1      | 0 ||| qw: Version: 0.3-a-155-g5e7d8dd
     0 | D:1      | 0 ||| qw: Game counter: 256
     0 | D:1      | 0 ||| qw: Melee chars always use a shield: true
     0 | D:1      | 0 ||| qw: God list: Okawaru
     0 | D:1      | 0 ||| qw: Allow faded altars: false
     0 | D:1      | 0 ||| qw: Do Orc after clearing Dungeon:15 true
     0 | D:1      | 0 ||| qw: Do second Lair branch before Depths: true
     0 | D:1      | 0 ||| qw: Lair rune preference: random
     0 | D:1      | 0 ||| qw: Goals: Normal
     0 | D:1      | 0 ||| PLANNING D:1-11
   162 | D:1      | Reached skill level 6 in Ranged Weapons
   162 | D:1      | Reached XP level 2. HP: 16/16 MP: 4/4
   761 | D:1      | Reached XP level 3. HP: 20/20 MP: 5/5
   856 | D:1      | 856 ||| READING scroll labelled ROURAR NUQINA.
   859 | D:1      | 859 ||| READING scroll labelled HAACAIKH LOODOCK.
   859 | D:1      | 859 ||| IDENTIFYING yellow potion
   860 | D:1      | 860 ||| READING scroll labelled RERAOF CERAUPA.
   860 | D:1      | Identified a scroll of acquirement
   860 | D:1      | 860 ||| ACQUIRING +2 pair of gloves of dexterity
   860 | D:1      | Acquired a +2 pair of gloves of dexterity
   862 | D:1      | 862 ||| UPGRADING to +2 pair of gloves of dexterity.
   867 | D:1      | 867 ||| DROPPING scroll of butterflies.
   903 | D:2      | Noticed a black bear
   913 | D:2      | HP: 4/20 [black bear (6)]
   915 | D:2      | Killed a black bear
   916 | D:2      | Reached skill level 8 in Ranged Weapons
   916 | D:2      | Reached XP level 4. HP: 4/25 MP: 6/6
  1005 | D:2      | Noticed Natasha
  1009 | D:2      | 1009 ||| FLEEEEING.
  1010 | D:2      | 1010 ||| FLEEEEING.
  1011 | D:2      | 1011 ||| FLEEEEING.
  1014 | D:2      | Killed Natasha
  1015 | D:2      | Reached skill level 3 in Dodging
  1015 | D:2      | Reached XP level 5. HP: 25/29 MP: 7/7
  1197 | D:2      | HP: 5/29 [gnoll/+0 halberd (12)]
  1199 | D:2      | Slain by a gnoll

Levels and vault maps discovered:
D:1:      sevenhm_arrival_forest_fort_small_4, layout_basic, st_stairs_12,
          minmay_pentomino_z2
D:2:      layout_loops_ring, guppyfry_early_orc_mine, uniq_natasha, uniq_robin,
          uniq_crazy_yiuf_cottage

Skill      XL: |  1  2  3  4 |
---------------+-------------+-----
Ranged Weapons | 6 8 |  8.3
Dodging        | 3 |  3.1
Fighting       | |  1.5
Stealth        | |  1.2

Action                     |  1- 3 |  4- 6 || total
---------------------------+-------+-------++-------
   Fire: Shortbow          |    71 |    26 ||    97
    Use: Scroll            |     3 |       ||     3
 Armour: Leather armour    |    24 |     8 ||    32
  Dodge: Dodged            |    16 |    10 ||    26

Table legend:
 A = Non-vault XP
 B = Vault XP
 C = Vault XP percentage of total XP
 D = Non-vault monster count
 E = Vault monster count
 F = Vault count percentage of total count
                 A         B        C        D         E       F
            +---------+---------+-------+---------+---------+-------
      Total |     187 |      40 |  17.6 |      27 |       4 |  12.9
            +---------+---------+-------+---------+---------+-------
        D:1 |      41 |       3 |   6.8 |      22 |       3 |  12.0
        D:2 |     146 |      37 |  20.2 |       5 |       1 |  16.7
            +---------+---------+-------+---------+---------+-------
